 Dungeon Crawl Stone Soup version 0.24-a0-459-g225fefd530 (webtiles) character file.

Game seed: 5542924787252477794

60 Peloso the Skirmisher (level 3, 0/33 HPs)
             Began as a Minotaur Fighter on June 30, 2019.
             Slain by a hobgoblin (3 damage)
             ... on level 2 of the Dungeon.
             The game lasted 00:00:38 (145 turns).

Peloso the Skirmisher (Minotaur Fighter)             Turns: 145, Time: 00:00:38

Health: 0/33       AC:  7    Str: 20    XL:     3   Next: 80%
Magic:  2/2        EV:  7    Int:  5    God:
Gold:   19         SH:  9    Dex: 10    Spells: 2/2 levels left

rFire    . . .     SeeInvis .   a - +0 long sword
rCold    . . .     Gourm    .   c - +0 shield
rNeg     . . .     Faith    .   b - +0 scale mail
rPois    .         Spirit   .   (helmet restricted)
rElec    .         Reflect  .   (no cloak)
rCorr    .         Harm     .   (no gloves)
MR       .....                  (no boots)
Stlth    ..........             (no amulet)
HPRegen  0.11/turn              (no ring)
MPRegen  0.08/turn              (no ring)

@: no status effects
A: retaliatory headbutt, horns 2
a: no special abilities


You were on level 2 of the Dungeon.
You were not hungry.

You visited 1 branch of the dungeon, and saw 2 of its levels.

You collected 19 gold pieces.

Inventory:

Hand Weapons
 a - a +0 long sword (weapon)
Armour
 b - a +0 scale mail (worn)
 c - a +0 shield (worn)
Scrolls
 e - a scroll of random uselessness {unknown}
 g - 2 scrolls of identify {unknown}
Potions
 d - a potion of might
Comestibles
 f - a ration


   Skills:
 + Level 4.3 Fighting
 + Level 3.1 Long Blades
 + Level 4.2 Armour
 + Level 0.1 Dodging
 + Level 4.3 Shields


You had 2 spell levels left.
You didn't know any spells.
Your spell library was empty.

Dungeon Overview and Level Annotations

Branches:
Dungeon (1/15)

Altars:
Nemelex Xobeh


Innate Abilities, Weirdness & Mutations

You reflexively headbutt those who attack you in melee.
You have a pair of horns on your head.


Message History

You slash the orc priest!
You headbutt the orc priest, but do no damage.
The orc priest is almost dead.
You block the orc priest's attack. The dart slug barely misses you.
The orc priest calls down the wrath of Beogh upon you.
Pain shoots through your body!
* * * LOW HITPOINT WARNING * * *
You slash the orc priest!
You kill the orc priest!
Your Long Blades skill increases to level 3!
The dart slug bites you but does no damage.
You hit the hobgoblin.
The hobgoblin is moderately wounded.
You block the hobgoblin's attack.
The hobgoblin hits you but does no damage.
You block the dart slug's attack.
Your shield and scale mail prevent you from hitting the hobgoblin.
The hobgoblin is moderately wounded.
The hobgoblin hits you.
You die...

....#......## ####.#
...........# #.(..#
..#........# ##.#### ..
........# ##..#
.......... #..##
.......#.####.##
...#..o#......# ..
#w###..### .. #@# #..##
. o #g###[..#### %..
#.#l##..#....#
....#.#..#.#####.#######
.........#.#####........
....≈.)..[....####......
.≈≈≈≈.≈.≈≈.≈..## #......
..≈l≈≈≈≈≈≈≈≈.≈.###......
...≈≈≈≈≈≈≈≈≈...##.......


You could see a dart slug, an orc, a hobgoblin and a frilled lizard.

Vanquished Creatures
  An orc priest (D:2)
  2 adders (D:2)
  An ooze (D:2)
  A dart slug (D:2)
  2 orcs (D:2)
  2 rats (D:2)
9 creatures vanquished.

Notes
Turn   | Place    | Note
-------+----------+-------------------------------------------
     0 | D:1      | Peloso the Minotaur Fighter began the quest for the Orb.
     0 | D:1      | Reached XP level 1. HP: 19/19 MP: 0/0
     3 | D:1      | You fall into a shaft and drop 1 floor!
     3 | D:2      | Found a sparkling altar of Nemelex Xobeh.
    44 | D:2      | Reached XP level 2. HP: 26/27 MP: 1/1
   115 | D:2      | Found a faded altar of an unknown god.
   125 | D:2      | Reached XP level 3. HP: 33/33 MP: 2/2
   145 | D:2      | Slain by a hobgoblin

Levels and vault maps discovered:
D:1:      lightli_arrival_maybe_door_vault, layout_loops_ring
D:2:      layout_rooms, lemuel_doored_altar, nemelex_xobeh_ov_fountains_minmay,
          chequers_ecumenical_altar_island

Skill      XL: |  1  2  3 |
---------------+----------+-----
Shields        | 4 |  4.3
Fighting       | 4 |  4.3
Armour         | 4 |  4.2
Long Blades    | 3 |  3.1
Dodging        | |  0.1

Action                   || total
-------------------------++-------
Melee: Long sword        ||    31
       Headbutt          ||     5
Armor: Scale mail        ||    19
Dodge: Dodged            ||     7
Block: Shield            ||    23
       Rpst.: Long sword ||     2

Table legend:
 A = Non-vault XP
 B = Vault XP
 C = Vault XP percentage of total XP
 D = Non-vault monster count
 E = Vault monster count
 F = Vault count percentage of total count
                 A         B        C        D         E       F
            +---------+---------+-------+---------+---------+-------
      Total |      86 |       0 |   0.0 |       9 |       0 |   0.0
            +---------+---------+-------+---------+---------+-------
        D:2 |      86 |       0 |   0.0 |       9 |       0 |   0.0
            +---------+---------+-------+---------+---------+-------
